 Dungeon Crawl Stone Soup version 0.22.1-2-g9c5b331383 (webtiles) character file.

318 Knicklaso the Sneak (level 6, -1/35 HPs)
             Began as a Kobold Summoner on Nov 26, 2018.
             Slain by Grinder (2 damage)
             ... on level 4 of the Dungeon.
             The game lasted 00:15:23 (4492 turns).

Knicklaso the Sneak (Kobold Summoner)               Turns: 4492, Time: 00:15:24

Health: -1/35      AC:  5    Str:  5    XL:     6   Next: 74%
Magic:  6/10       EV: 16    Int: 19    God:
Gold:   305        SH:  0    Dex: 15    Spells: 7/11 levels left

rFire    . . .     SeeInvis .   o - +4 dagger (speed)
rCold    . . .     Gourm    .   (shield restricted)
rNeg     . . .     Faith    .   b - +0 robe
rPois    .         Spirit   .   (no helmet)
rElec    .         Reflect  .   q - +2 cloak
rCorr    .         Harm     .   (no gloves)
MR       .....                  (no boots)
Stlth    +++.......             (no amulet)
HPRegen  0.11/turn              (no ring)
MPRegen  0.12/turn              (no ring)

@: no status effects
A: small, carnivore
a: no special abilities


You were on level 4 of the Dungeon.
You were completely stuffed.

You visited 1 branch of the dungeon, and saw 4 of its levels.

You collected 305 gold pieces.

Inventory:

Hand Weapons
 o - a +4 dagger of speed (weapon)
Armour
 b - a +0 robe (worn)
 q - a +2 cloak (worn)
Jewellery
 e - an uncursed amulet of magic regeneration {unknown}
 h - an uncursed amulet of magic regeneration {unknown}
Scrolls
 d - a scroll of amnesia {unknown}
 f - a scroll of enchant armour {unknown}
 g - 8 scrolls of identify {unknown}
 i - 2 scrolls of teleportation {unknown}
 j - a scroll of random uselessness {unknown}
 k - a scroll of fear {unknown}
 n - a scroll of immolation {unknown}
 s - a scroll of remove curse {unknown}
 t - a scroll of magic mapping {unknown}
Potions
 l - a potion of berserk rage {unknown}
 m - a potion of agility {unknown}
 p - a potion of degeneration {unknown}
 r - a potion of heal wounds {unknown}
Comestibles
 c - 6 rations


   Skills:
 + Level 2.2 Fighting
 * Level 3.8 Short Blades
 + Level 3.7 Dodging
 * Level 5.2 Stealth
 + Level 3.3 Spellcasting
 - Level 4.2 Summonings


You had 7 spell levels left.
You knew the following spells:

 Your Spells              Type           Power        Failure   Level  Hunger
a - Call Canine Familiar  Summ           ###.....     8%          3    ###....
d - Summon Small Mammal   Summ           ###.         2%          1    None

Your spell library contained the following spells:

 Spells                   Type           Power        Failure   Level  Hunger
 Call Imp                 Summ           ###.....     4%          2    ##.....
 Summon Guardian Golem    Hex/Summ       ##......     19%         3    ###....
 Summon Ice Beast         Ice/Summ       ##......     52%         4    ####...
 Summon Lightning Spire   Summ/Air       ##......     52%         4    ####...


Dungeon Overview and Level Annotations

Branches:
Dungeon (4/15)
 Temple: D:4-7

Altars:
Cheibriados
Nemelex Xobeh

Shops:
D:4 :

Annotations:
D:4 Grinder


Innate Abilities, Weirdness & Mutations

You are small and have problems with some larger weapons.
You are carnivorous and can eat meat at any time.


Message History

Grinder is almost dead.
Your hound bites Grinder but does no damage.
You hit Grinder but do no damage.
Grinder is almost dead.
Grinder says, "Are you a fish?" Grinder completely misses you.
Your rat closely misses Grinder.
You hit Grinder.
Grinder is almost dead.
Your hound closely misses Grinder.
You barely miss Grinder.
Grinder is almost dead.
Your hound bites Grinder.
Grinder hits you!
* * * LOW HITPOINT WARNING * * *
You writhe in agony.
* * * LOW HITPOINT WARNING * * *
Your rat closely misses Grinder.
You barely miss Grinder.
Grinder is almost dead.
Your hound closely misses Grinder.
Grinder hits you.
You die...

###.[### ######.#.#####...
##...## #...# . ###..# ###.###
##.## #.... #..# ##...[ ###
##### ##.# ##...# ..# ....#
#.######..#.## #.# ..<.#
#............# #.##....#
####.......@5r.###.......#
###............h.....#.....#
####......#####....####.......#
..##.#..### #.##.# #...######
#....#†#######.. #.# ##.#......#
#...#.........(# #.# #..#......#
##.......###### #.# #.##......#
##.###.#.....## #.# #.##....>.#
#..###.#####..####.###.##......#


You could see Grinder, a friendly hound and a friendly rat.

Vanquished Creatures
  An orc priest (D:3)
  Crazy Yiuf (D:2)
  2 orc wizards (D:3)
  A worker ant (D:4)
  2 adders (D:4)
  A gnoll (D:2)
  A worm (D:1)
  A dart slug (D:3)
  A leopard gecko (D:3)
  5 orcs
  4 giant cockroaches
  3 goblins
  2 hobgoblins (D:1)
  3 jackals (D:4)
  2 quokkas
  A ball python (D:1)
  7 bats
  5 frilled lizards
  5 rats
48 creatures vanquished.

Vanquished Creatures (collateral kills)
  A howler monkey (D:2)
  2 orc priests
  A hound (D:4)
  2 gnolls (D:2)
  2 adders (D:2)
  An adder skeleton (D:4)
  3 worms
  A leopard gecko (D:1)
  4 orcs
  3 bats
  A goblin (D:1)
  4 hobgoblins
  A jackal (D:4)
  5 kobolds
  A quokka (D:2)
  A ball python (D:2)
  4 frilled lizards
  6 rats
43 creatures vanquished.

Grand Total: 91 creatures vanquished

Notes
Turn   | Place    | Note
-------+----------+-------------------------------------------
     0 | D:1      | Knicklaso the Kobold Summoner began the quest for the Orb.
     0 | D:1      | Reached XP level 1. HP: 10/10 MP: 3/3
   268 | D:1      | Reached XP level 2. HP: 4/16 MP: 5/5
  1043 | D:1      | Reached XP level 3. HP: 15/20 MP: 6/6
  1289 | D:1      | Reached skill level 1 in Short Blades
  1289 | D:1      | Reached skill level 3 in Stealth
  1468 | D:2      | Reached skill level 1 in Fighting
  1682 | D:2      | Learned a level 3 spell: Call Canine Familiar
  1801 | D:2      | Reached XP level 4. HP: 6/25 MP: 0/7
  2131 | D:2      | Found a runed door.
  3017 | D:2      | Noticed Crazy Yiuf
  3026 | D:2      | Killed Crazy Yiuf
  3026 | D:2      | Reached skill level 4 in Stealth
  3026 | D:2      | Reached XP level 5. HP: 29/29 MP: 2/9
  3127 | D:3      | Found a snail-covered altar of Cheibriados.
  3460 | D:3      | Reached XP level 6. HP: 35/35 MP: 10/10
  3560 | D:3      | Found a sparkling altar of Nemelex Xobeh.
  3901 | D:4      | Noticed Grinder
  4050 | D:4      | Reached skill level 5 in Stealth
  4062 | D:4      | Found Sass's Book Shop.
  4491 | D:4      | HP: 1/35 [Grinder (2)]
  4492 | D:4      | Slain by Grinder

Skill      XL: |  1  2  3  4  5  6 |
---------------+-------------------+-----
Short Blades   | 1 2 3 |  3.8
Stealth        | 3 4 5 |  5.2
Fighting       | 1 2 |  2.2
Dodging        | 3 |  3.7
Spellcasting   | 3 |  3.3
Summonings     | |  4.2

Action                   |  1- 3 |  4- 6 || total
-------------------------+-------+-------++-------
Melee: Dagger            |    77 |   144 ||   221
 Cast: Summon Small Mamm |    25 |    17 ||    42
       Call Canine Famil |     2 |    15 ||    17
 Stab: Sleeping          |     7 |     6 ||    13
  Eat: Chunk             |    11 |    11 ||    22
Armor: Robe              |    18 |    14 ||    32
Dodge: Dodged            |    75 |   110 ||   185
